PBL
TAMPA BAY RAYS @ NEW YORK YANKEES
09/02/2070
 
TOP OF THE 1ST
Tampa Bay Rays batting - Pitching for New York Yankees : LHP John Allain
Pitching: LHP John Allain
Batting: RHB Ken Potter 0-0: Swinging Strike
0-1: Ball
1-1: Ground out 6-3 (Groundball, 56, EV 79.4 MPH)
Batting: LHB Manuel Gonzáles 0-0: Ball
1-0: Ball
2-0: Fly out, F8 (Flyball, 8LD, EV 99.4 MPH)
Batting: RHB Tom Pike 0-0: Called Strike
0-1: Ball
1-1: Ground out 5-3 (Groundball, 5, EV 90.6 MPH)
Top of the 1st over - 0 runs, 0 hits, 0 errors, 0 left on base; Tampa Bay 0 - New York 0
BOTTOM OF THE 1ST
New York Yankees batting - Pitching for Tampa Bay Rays : RHP Ramón Candeléria
Pitching: RHP Ramón Candeléria
Batting: RHB José Guillén 0-0: Ball
1-0: Swinging Strike
1-1: Called Strike
1-2: Strikes out swinging
Batting: LHB Guillermo Rodríguez 0-0: Ball
1-0: Called Strike
1-1: Foul Ball, location: 2F
1-2: Ball
2-2: Strikes out swinging
Batting: RHB Matt Marples 0-0: Ball
1-0: Swinging Strike
1-1: Swinging Strike
1-2: Strikes out swinging
Bottom of the 1st over - 0 runs, 0 hits, 0 errors, 0 left on base; Tampa Bay 0 - New York 0
TOP OF THE 2ND
Tampa Bay Rays batting - Pitching for New York Yankees : LHP John Allain
Batting: RHB Jorge Baca 0-0: Called Strike
0-1: Ball
1-1: Swinging Strike
1-2: Ball
2-2: Ball
3-2: Fly out, F8 (Flyball, 89M, EV 85.6 MPH)
Batting: SHB Barry Huffman 0-0: Ball
1-0: Foul Ball, location: 7LMF
1-1: Foul Ball, location: 7LDF
1-2: Foul Ball, location: 2F
1-2: SINGLE (Flyball, 4MD, EV 95.6 MPH)
Batting: RHB Colt Keeling 0-0: Ball
1-0: Foul Ball, location: 2F
1-1: Foul Ball, location: 7LSF
1-2: Ball
2-2: Ball
3-2: Strikes out swinging
Batting: LHB César García 0-0: Called Strike
0-1: Ground out 4-3 (Groundball, 4, EV 83.1 MPH)
Top of the 2nd over - 0 runs, 1 hit, 0 errors, 1 left on base; Tampa Bay 0 - New York 0
BOTTOM OF THE 2ND
New York Yankees batting - Pitching for Tampa Bay Rays : RHP Ramón Candeléria
Batting: LHB Guy Donnelly 0-0: Ball
1-0: Ball
2-0: Fly out, F8 (Flyball, 89M, EV 100.0 MPH)
Batting: RHB Chris Anderson 0-0: Called Strike
0-1: Foul Ball, location: 7LSFF
0-2: Ball
1-2: Fly out, F3 (Popup, 23F, EV 83.8 MPH)
Batting: SHB Tony Aponte 0-0: Called Strike
0-1: Ball
1-1: Ball
2-1: Fly out, F4 (Line Drive, 4MD, EV 70.6 MPH)
Bottom of the 2nd over - 0 runs, 0 hits, 0 errors, 0 left on base; Tampa Bay 0 - New York 0
TOP OF THE 3RD
Tampa Bay Rays batting - Pitching for New York Yankees : LHP John Allain
Batting: RHB Carlos Cruz 0-0: Ball
1-0: Called Strike
1-1: Swinging Strike
1-2: Foul Ball, location: 5F
1-2: Strikes out looking
Batting: RHB Pedro Yega 0-0: Called Strike
0-1: Ball
1-1: Swinging Strike
1-2: Ground out 3-1 (Groundball, 34, EV 88.1 MPH)
Batting: RHB Ken Potter 0-0: Called Strike
0-1: Called Strike
0-2: Strikes out looking
Top of the 3rd over - 0 runs, 0 hits, 0 errors, 0 left on base; Tampa Bay 0 - New York 0
BOTTOM OF THE 3RD
New York Yankees batting - Pitching for Tampa Bay Rays : RHP Ramón Candeléria
Batting: SHB Tom Green 0-0: Called Strike
0-1: Ground out 4-3 (Groundball, 4, EV 104.4 MPH)
Batting: LHB Dave Welch 0-0: SOLO HOME RUN (Line Drive, 9D, EV 99.4 MPH), Distance : 377 ft
Batting: RHB José Costello 0-0: Foul Ball, location: 2F
0-1: Ball
1-1: Called Strike
1-2: Strikes out swinging
Batting: RHB José Guillén 0-0: Fly out, F5 (Popup, 56S, EV 76.3 MPH)
Bottom of the 3rd over - 1 run, 1 hit, 0 errors, 0 left on base; Tampa Bay 0 - New York 1
TOP OF THE 4TH
Tampa Bay Rays batting - Pitching for New York Yankees : LHP John Allain
Batting: LHB Manuel Gonzáles 0-0: Ball
1-0: Ball
2-0: Called Strike
2-1: Ball
3-1: Reached on error, E5 (Groundball, 56, EV 89.4 MPH)
Batting: RHB Tom Pike 0-0: Ball
1-0: Foul Ball, location: 25F
1-1: Called Strike
1-2: Strikes out swinging
Batting: RHB Jorge Baca 0-0: Ball
1-0: Swinging Strike
1-1: Ball
2-1: Ball
3-1: Foul Ball, location: 3F
3-2: Base on Balls
Manuel Gonzáles to second
Batting: SHB Barry Huffman 0-0: Ball
1-0: Foul Ball, location: 7LSF
1-1: Ball
2-1: Foul Ball, location: 9LDF
2-2: Ball
3-2: Fly out, F8 (Flyball, 89M, EV 89.4 MPH)
Batting: RHB Colt Keeling 0-0: Foul Ball, location: 7LDF
0-1: Foul Ball, location: 2F
0-2: Ball
Wild Pitch!
Manuel Gonzáles to third
Jorge Baca to second
1-2: Fly out, F9 (Flyball, 89D, EV 106.3 MPH)
Top of the 4th over - 0 runs, 0 hits, 1 error, 2 left on base; Tampa Bay 0 - New York 1
BOTTOM OF THE 4TH
New York Yankees batting - Pitching for Tampa Bay Rays : RHP Ramón Candeléria
Batting: LHB Guillermo Rodríguez 0-0: Called Strike
0-1: Ball
1-1: Foul Ball, location: 3DF
1-2: Foul Ball, location: 7LSF
1-2: Foul Ball, location: 23FF
1-2: Strikes out looking
Batting: RHB Matt Marples 0-0: Called Strike
0-1: Swinging Strike
0-2: Foul Ball, location: 9LSF
0-2: SOLO HOME RUN (Flyball, 7D, EV 103.8 MPH), Distance : 386 ft
Batting: LHB Guy Donnelly 0-0: Called Strike
0-1: Ball
1-1: Called Strike
1-2: Foul Ball, location: 2F
1-2: Ball
2-2: Fly out, F4 (Popup, 4MS, EV 70.6 MPH)
Batting: RHB Chris Anderson 0-0: Called Strike
0-1: Ball
1-1: Foul Ball, location: 3DF
1-2: Strikes out looking
Bottom of the 4th over - 1 run, 1 hit, 0 errors, 0 left on base; Tampa Bay 0 - New York 2
TOP OF THE 5TH
Tampa Bay Rays batting - Pitching for New York Yankees : LHP John Allain
Batting: LHB César García 0-0: Called Strike
0-1: Fly out, F2 (Popup, 2LF, EV 88.8 MPH)
Batting: RHB Carlos Cruz 0-0: Swinging Strike
0-1: Swinging Strike
0-2: Strikes out swinging
DELAY Rain delay of 25 minutes in the 5th inning.
Batting: RHB Pedro Yega 0-0: Called Strike
0-1: Ball
1-1: Ball
2-1: Ground out 5-3 (Groundball, 56, EV 98.8 MPH)
Top of the 5th over - 0 runs, 0 hits, 0 errors, 0 left on base; Tampa Bay 0 - New York 2
BOTTOM OF THE 5TH
New York Yankees batting - Pitching for Tampa Bay Rays : RHP Ramón Candeléria
Batting: SHB Tony Aponte 0-0: Foul Ball, location: 9LMFF
0-1: Ball
1-1: Ground out U3 (Groundball, 34S, EV 89.4 MPH)
Batting: SHB Tom Green 0-0: SINGLE (Line Drive, 8RS, EV 105.0 MPH)
Batting: LHB Dave Welch 0-0: Called Strike
0-1: Foul Ball, location: 2F
0-2: Ball
1-2: Strikes out swinging
Tom Green is caught stealing 2nd base 2-6
Batter strikes out.
Bottom of the 5th over - 0 runs, 1 hit, 0 errors, 0 left on base; Tampa Bay 0 - New York 2
TOP OF THE 6TH
Tampa Bay Rays batting - Pitching for New York Yankees : LHP John Allain
Pitching: RHP Gordon Roberge
Batting: RHB Ken Potter 0-0: Called Strike
0-1: Swinging Strike
0-2: Ball
1-2: SINGLE (Line Drive, 78S, EV 90.6 MPH)
Batting: LHB Manuel Gonzáles 0-0: Foul Ball, location: 2F
0-1: Ball
1-1: Called Strike
1-2: Foul Ball, location: 2F
1-2: Strikes out swinging
Batting: RHB Tom Pike 0-0: Called Strike
Ken Potter steals 2nd base
0-1: Ball
1-1: Foul Ball, location: 7LSF
1-2: Strikes out swinging
Batting: RHB Jorge Baca 0-0: Ball
1-0: Ground out 3-1 (Groundball, 34, EV 88.1 MPH)
Top of the 6th over - 0 runs, 1 hit, 0 errors, 1 left on base; Tampa Bay 0 - New York 2
BOTTOM OF THE 6TH
New York Yankees batting - Pitching for Tampa Bay Rays : RHP Ramón Candeléria
Batting: RHB José Costello 0-0: Foul Ball, location: 23FF
0-1: Ball
1-1: Reached on error, E6 (Groundball, 6S, EV 89.4 MPH)
Batting: RHB José Guillén 0-0: Ball
1-0: Fielders Choice at 2nd, 6-4 (Groundball, 6, EV 83.8 MPH)
Batting: LHB Guillermo Rodríguez 0-0: Ball
1-0: Foul Ball, location: 2F
1-1: SINGLE (Line Drive, 4MD, EV 96.9 MPH)
José Guillén to second
Batting: RHB Matt Marples 0-0: Swinging Strike
0-1: Ground out 6-3 (Groundball, 6MS, EV 77.5 MPH)
José Guillén to third
Guillermo Rodríguez to second
Batting: LHB Guy Donnelly 0-0: Intentional Walk
Batting: RHB Chris Anderson 0-0: Ball
1-0: Fly out, F3 (Popup, 3F, EV 68.8 MPH)
Bottom of the 6th over - 0 runs, 1 hit, 1 error, 3 left on base; Tampa Bay 0 - New York 2
TOP OF THE 7TH
Tampa Bay Rays batting - Pitching for New York Yankees : RHP Gordon Roberge
Batting: SHB Barry Huffman 0-0: Called Strike
0-1: Swinging Strike
0-2: Ball
1-2: Ball
2-2: Fly out, F9 (Flyball, 9, EV 89.4 MPH)
Batting: RHB Colt Keeling 0-0: Called Strike
0-1: Called Strike
0-2: Ball
1-2: Ball
2-2: Ball
3-2: Fly out, F4 (Popup, 34S, EV 75.6 MPH)
Batting: LHB César García 0-0: Called Strike
0-1: Ball
1-1: SINGLE (Line Drive, 9S, EV 84.4 MPH)
Batting: RHB Carlos Cruz 0-0: Ball
1-0: Ball
Wild Pitch!
César García to second
2-0: Ball
3-0: Called Strike
3-1: Base on Balls
Pitching: RHP John Watson
Pinch Hitting: SHB Josh Johnston 0-0: Ball
1-0: Swinging Strike
1-1: Swinging Strike
1-2: Strikes out looking
Top of the 7th over - 0 runs, 1 hit, 0 errors, 2 left on base; Tampa Bay 0 - New York 2
BOTTOM OF THE 7TH
New York Yankees batting - Pitching for Tampa Bay Rays : RHP Ramón Candeléria
Now at SS: Raúl González
Batting: SHB Tony Aponte 0-0: Called Strike
0-1: Ball
1-1: Swinging Strike
1-2: Strikes out looking
Batting: SHB Tom Green 0-0: Ball
1-0: Ball
2-0: Called Strike
2-1: SINGLE (Groundball, 34D, EV 106.3 MPH)
Batting: LHB Dave Welch 0-0: Ball
1-0: Called Strike
1-1: Fielders Choice at 2nd, 3-6 (Groundball, 3, EV 100.0 MPH)
Pitching: RHP Edward Love
Batting: RHB José Costello 0-0: Ball
1-0: Called Strike
1-1: Called Strike
1-2: Ball
2-2: SINGLE (Line Drive, 9S, EV 97.5 MPH)
Dave Welch to second
Runner from 2nd tries for 3rd, SAFE, no throw by RF
Batting: RHB José Guillén 0-0: Fly out, F7 (Flyball, 78S, EV 93.8 MPH)
Bottom of the 7th over - 0 runs, 2 hits, 0 errors, 2 left on base; Tampa Bay 0 - New York 2
TOP OF THE 8TH
Tampa Bay Rays batting - Pitching for New York Yankees : RHP John Watson
Batting: RHB Ken Potter 0-0: Foul Ball, location: 23F
0-1: Fly out, F8 (Flyball, 8LD, EV 78.1 MPH)
Batting: LHB Manuel Gonzáles 0-0: Ball
1-0: Called Strike
1-1: Foul Ball, location: 7LSF
1-2: Ball
2-2: Ball
3-2: Strikes out swinging
Batting: RHB Tom Pike 0-0: Ball
1-0: Foul Ball, location: 2F
1-1: Ball
2-1: Foul Ball, location: 3FF
2-2: Ball
3-2: Foul Ball, location: 9LSF
3-2: SINGLE (Groundball, 4MD, EV 103.8 MPH)
Batting: RHB Jorge Baca 0-0: Ball
1-0: Called Strike
1-1: Ground out 1-3 (Groundball, 13S, EV 71.9 MPH)
Top of the 8th over - 0 runs, 1 hit, 0 errors, 1 left on base; Tampa Bay 0 - New York 2
BOTTOM OF THE 8TH
New York Yankees batting - Pitching for Tampa Bay Rays : RHP Edward Love
Batting: LHB Guillermo Rodríguez 0-0: SINGLE (Line Drive, 8RS, EV 107.5 MPH)
Batting: RHB Matt Marples 0-0: Fly out, F8 (Flyball, 89M, EV 91.9 MPH)
Batting: LHB Guy Donnelly 0-0: Called Strike
0-1: Ball
1-1: Ball
2-1: Foul Ball, location: 3F
2-2: Foul Ball, location: 3FF
2-2: SINGLE (Flyball, 4MD, EV 84.4 MPH)
Guillermo Rodríguez to second
Batting: RHB Chris Anderson 0-0: Ball
1-0: Foul Ball, location: 7LSF
1-1: Called Strike
1-2: SINGLE (Flyball, 5D, EV 91.3 MPH)
Guillermo Rodríguez to third
Guy Donnelly to second
Batting: SHB Tony Aponte 0-0: Ball
1-0: Foul Ball, location: 2F
1-1: Fly out, F7 (Line Drive, 78M, EV 85.0 MPH)
Runner from 3rd tags up, SCORES, throw by LF
Guy Donnelly to third
Batting: SHB Tom Green 0-0: Ball
1-0: Ball
2-0: Foul Ball, location: 25F
2-1: Foul Ball, location: 9LSFF
2-2: Ball
3-2: Fly out, F3 (Line Drive, 3L, EV 73.1 MPH)
Bottom of the 8th over - 1 run, 3 hits, 0 errors, 2 left on base; Tampa Bay 0 - New York 3
TOP OF THE 9TH
Tampa Bay Rays batting - Pitching for New York Yankees : RHP John Watson
Pitching: LHP Guillermo Rodríguez
Batting: SHB Barry Huffman 0-0: Ball
1-0: Foul Ball, location: 2F
1-1: Called Strike
1-2: Ball
2-2: Fly out, F8 (Line Drive, 8RM, EV 101.3 MPH)
Batting: RHB Colt Keeling 0-0: Ball
1-0: Ground out 6-3 (Groundball, 56, EV 78.1 MPH)
Batting: LHB César García 0-0: Called Strike
0-1: Called Strike
0-2: Strikes out swinging
Top of the 9th over - 0 runs, 0 hits, 0 errors, 0 left on base; Tampa Bay 0 - New York 3
Wednesday, February 14th , 2024 - OOTP Baseball 24.10 Build 82